 Dungeon Crawl Stone Soup version 0.28.0-45-g0d030f2227 (webtiles) character file.

Game seed: 18240425876450755283

55 DuloT34 the Insei (level 3, 0/32 HPs)
             Began as a Naga Transmuter on Apr 19, 2022.
             Slain by an orc
             ... wielding a +0 whip
              (6 damage)
             ... on level 2 of the Dungeon.
             The game lasted 00:06:39 (3334 turns).

DuloT34 the Insei (Naga Transmuter)                 Turns: 3334, Time: 00:06:41

Health: 0/32       AC:  0    Str: 12    XL:     3   Next: 93%
Magic:  6/6        EV: 10    Int: 13    God:
Gold:   71         SH:  0    Dex: 13    Spells: 5/6 levels left

rFire   . . .      SeeInvis +     - Unarmed
rCold   + + +      Faith    .   (no shield)
rNeg    . . .      Spirit   .   m - +1 robe of the Spheres {*Corrode *Slow rC+++ Archmagi}
rPois   +          Reflect  .   (no helmet)
rElec   .          Harm     .   k - +0 cloak
rCorr   .          Rampage  .   (no gloves)
Will    .....      Archmagi +   (no barding)
Stlth   +.........              (no amulet)
HPRegen 0.10/turn               (no ring)
MPRegen 0.10/turn               (no ring)

@: confused, corroded, slowed, very slow
A: AC +1, large, see invisible, deformed body, poison resistance, slowness 2,
spit poison 1, naga tail 1
a: Spit Poison


You were on level 2 of the Dungeon.
You visited 1 branch of the dungeon, and saw 3 of its levels.

You collected 71 gold pieces.

Inventory:

Hand Weapons
 g - a +1 short sword of chaos
Armour
 a - a +1 robe
 k - a +0 cloak (worn)
 m - the +1 robe of the Spheres (worn) {*Corrode *Slow rC+++ Archmagi}
   (You found it on level 2 of the Dungeon)

   rC:        It renders you almost immune to cold.
   *Corrode:  It may corrode you when you take damage.
   *Slow:     It may slow you when you take damage.
   Archmagi:  It increases the power of your magical spells.
Scrolls
 c - a scroll of teleportation
 f - 2 scrolls of identify
 i - a scroll of immolation
Potions
 b - 2 potions of curing
 h - a potion of ambrosia {unknown}
 l - a potion of magic {unknown}
 n - a potion of might {unknown}


   Skills:
 + Level 1.7 Fighting
 + Level 2.0 Dodging
 + Level 3.4 Unarmed Combat
 + Level 2.3 Spellcasting
 + Level 2.5 Transmutations


You had 5 spell levels left.
You knew the following spells:

 Your Spells              Type           Power      Damage    Failure   Level
a - Beastly Appendage     Tmut           24%        N/A       9%          1

Your spell library contained the following spells:

 Spells                   Type           Power      Damage    Failure   Level
 Wereblood                Tmut           12%        N/A       13%         2
 Spider Form              Tmut/Pois      7%         N/A       41%         3
 Ice Form                 Ice/Tmut       7%         N/A       82%         4
 Fireball                 Conj/Fire      1%         3d3       100%        5
 Iskenderun's Battlesphe  Conj           2%         2d6       100%        5
 Conjure Ball Lightning   Conj/Air       1%         3x3d6     100%        6
 Orb of Destruction       Conj           1%         9d5       100%        7


Dungeon Overview and Level Annotations

Branches:
Dungeon (3/15)

Altars:


Innate Abilities, Weirdness & Mutations

Your serpentine skin is tough. (AC +1)
You have supernaturally acute eyesight. (SInv)
Armour fits poorly on your strangely shaped body.
Your system is resistant to poisons. (rPois)
You cover ground very slowly.
You can spit poison.
You have a snake-like lower body.


Message History

You kill the orc!
You hit the orc.
The orc is moderately wounded.
The orc wizard hits you with a +0 dagger.
The orc hits you with a +0 whip.
You closely miss the orc.
The orc is moderately wounded.
The orc wizard hits you but does no damage.
The orc hits you with a +0 whip.
You feel yourself slow down.
You hit the orc but do no damage. You headbutt the orc.
The orc is heavily wounded.
The orc wizard hits you but does no damage.
The orc barely misses you.
You hit the orc but do no damage.
The orc is heavily wounded.
The orc wizard casts a spell at you.
You are confused.
The orc closely misses you. The orc wizard casts a spell at you.
You resist with some effort. The orc barely misses you.
You bump into the rock wall.
Your horns disappear.
The orc wizard hits you but does no damage.
The orc closely misses you.
You bump into the rock wall.
The orc wizard hits you with a +0 dagger.
The orc hits you with a +0 whip.
The orc wizard hits you but does no damage.
The orc hits you with a +0 whip.
You bump into the rock wall.
The orc wizard hits you but does no damage.
The orc hits you with a +0 whip.
Your corrosive artefact corrodes you!
You're too confused to cast spells.
The orc wizard hits you with a +0 dagger.
The orc hits you with a +0 whip.
* * * LOW HITPOINT WARNING * * *
The orc wizard hits you with a +0 dagger.
* * * LOW HITPOINT WARNING * * *
The orc hits you with a +0 whip.
You die...

..##.......#..................#
...........##.................#
...##########.................#
<..##................##########
...##................###########
...............................#
.....................#########.##
.......#.#.#'#####...............
.......#.#.+...o@#.#.#########.##
.......#.#.#.#+#o#.#.# #.#
.......#.#.........#.# #.#
.#..####.####...##.#.# #.#
.#..#.......#...##.#.# #.#
.#..##.###.##...##.#+#########.#
.#...#.##...#...............##.##
##.###.###.##...............##...
...# #.# #.#................#####


You could see an orc wizard and an orc.

Vanquished Creatures
  3 dart slugs
  An orc (D:2)
  3 giant cockroaches (D:1)
  3 goblins (D:2)
  5 hobgoblins
  4 jackals (D:2)
  3 quokkas (D:1)
  3 ball pythons
  5 bats
  2 frilled lizards
  7 kobolds
  6 rats
45 creatures vanquished.

Vanquished Creatures (others)
  2 plants (D:1)
2 creatures vanquished.

Grand Total: 47 creatures vanquished

Notes
Turn   | Place    | Note
-------+----------+-------------------------------------------
     0 | D:1      | DuloT34 the Naga Transmuter began the quest for the Orb.
     0 | D:1      | Reached XP level 1. HP: 18/18 MP: 3/3
   442 | D:1      | Reached XP level 2. HP: 13/25 MP: 3/5
  1377 | D:1      | Reached XP level 3. HP: 29/31 MP: 6/6
  2496 | D:2      | Identified the +1 robe of the Spheres {*Corrode *Slow rC+++
                  | Archmagi}
  2577 | D:2      | Found a faded altar of an unknown god.
  3334 | D:2      | Slain by an orc

Illustrated notes

Levels and vault maps discovered:
D:1:      dpeg_arrival_rhombus, layout_basic, serial_glass, glass_columns_b,
          glass_columns_c, hangedman_abyss_or_decor_stabs,
          corexii_hall_statues_x, serial_bayou_lagoon_b
D:2:      layout_basic, hellmonk_ecumenical_altar_prayer_group,
          grunt_decor_fettered
D:3:      minmay_wonky_spiral, layout_basic, gammafunk_ghost_necromancy,
          serial_shops, shop

Skill      XL: |  1  2  3 |
---------------+----------+-----
Dodging        | 2 |  2.0
Fighting       | |  1.7
Unarmed Combat | |  3.4
Spellcasting   | |  2.3
Transmutations | |  2.5

Action                   || total
-------------------------++-------
Melee: Unarmed           ||   146
       Headbutt          ||    18
 Cast: Beastly Appendage ||    30
  Use: Scroll            ||     8
Armor: Robe              ||    62
Dodge: Dodged            ||    84
